 Dungeon Crawl Stone Soup version 0.31-a0-167-g1c394c0614 (webtiles) character file.

Game seed: 11054016069626921612

50 Adrian566 the Slasher (level 3, 0/27 HPs)
             Began as a Demonspawn Gladiator on June 14, 2023.
             Slain by a goblin
             ... wielding a +2 demon whip of electrocution
              (2 damage)
             ... on level 2 of the Dungeon.
             The game lasted 00:01:52 (961 turns).

Adrian566 the Slasher (Demonspawn Gladiator)         Turns: 961, Time: 00:01:54

Health: 0/27       AC:  4    Str: 14    XL:     3   Next: 55%
Magic:  3/3        EV: 12    Int:  9    God:
Gold:   77         SH:  4    Dex: 16    Spells: 2/2 levels left

rFire   . . .        a - +0 long sword
rCold   . . .        j - +0 buckler
rNeg    . . .        b - +0 leather armour
rPois   .            c - +0 helmet
rElec   .            (no cloak)
rCorr   .            (no gloves)
SInv    .            (no boots)
Will    .....        (no amulet)
Stlth   +            (no ring)
HPRegen 0.24/turn    (no ring)
MPRegen 0.08/turn

%: no passive effects
@: no status effects
A: weakness stinger 1
a: no special abilities


You were on level 2 of the Dungeon.
You visited 1 branch of the dungeon, and saw 2 of its levels.

You collected 77 gold pieces.

Inventory:

Hand Weapons
 a - a +0 long sword (weapon)
Missiles
 d - 3 throwing nets (quivered)
 e - a javelin
Armour
 b - a +0 leather armour (worn)
 c - a +0 helmet (worn)
 j - a +0 buckler (worn)
Scrolls
 f - 4 scrolls of identify {unknown}
 g - a scroll of fear {unknown}
 h - 2 scrolls of teleportation {unknown}
 k - a scroll of poison {unknown}
 o - a scroll of torment {unknown}
Potions
 i - a potion of haste {unknown}
 l - a potion of curing {unknown}
 m - a potion of magic {unknown}
 n - a potion of invisibility {unknown}


   Skills:
 + Level 2.2 Fighting
 + Level 3.3 Long Blades
 + Level 1.8 Throwing
 + Level 0.8 Armour
 + Level 3.1 Dodging
 * Level 0.4 Shields


You had 2 spell levels left.
You didn't know any spells.
Your spell library contained the following spells:

 Spells                   Type           Power      Damage    Failure   Level
 Cigotuvi's Dreadful Rot  Necr/Pois/Air  0%         N/A       71%         2
 Ignite Poison            Fire/Tmut/Pois 0%         N/A       91%         3
 Freezing Cloud           Conj/Ice/Air   0%         6-21      100%        5


Dungeon Overview and Level Annotations

Branches:
Dungeon (2/15)

Altars:
Sif Muna


Innate Abilities, Weirdness & Mutations

You have a small tail.


Message History

You kill the endoplasm!
Found 3 poisoned darts.
You see here a rat corpse.
An endoplasm, a dart slug and 2 hobgoblins come into view.
The hobgoblin shouts! x2
The endoplasm moves out of view.
There are monsters nearby!
There are monsters nearby!
There are monsters nearby!
You barely miss the ball python.
Your tail-slap misses the ball python.
The ball python bites you but does no damage.
The ball python grabs you. The ball python constricts you.
The ball python closely misses you. The ball python constricts you.
You hit the ball python. You tail-slap the ball python.
You kill the ball python!
A goblin comes into view.
It is wielding a +2 demon whip of electrocution.
You closely miss the hobgoblin.
The goblin shouts!
You tail-slap the hobgoblin.
The hobgoblin is moderately wounded.
The hobgoblin hits you but does no damage.
You barely miss the hobgoblin.
The hobgoblin is moderately wounded.
The hobgoblin barely misses you.
You closely miss the hobgoblin.
The hobgoblin is moderately wounded.
The hobgoblin hits you.
The endoplasm quivers.
You slash the hobgoblin!
You kill the hobgoblin!
You barely miss the hobgoblin. You tail-slap the hobgoblin.
You kill the hobgoblin!
You hit the goblin.
The goblin is severely wounded.
The goblin hits you with a +2 demon whip of electrocution.
You are electrocuted!!
Ouch! That really hurt!
* * * LOW HITPOINT WARNING * * *
The goblin hits you with a +2 demon whip of electrocution.
You die...

#.# #.#
#.#######
#........
#.###.##..
#.........
##.####†####.###
.(......#
##.###:@#
##.gw...#
#.###.... ..# ..
..# ##.# #.. ###


You could see a dart slug and a goblin.

Vanquished Creatures
  A dart slug (D:1)
  3 orcs (D:2)
  4 ball pythons
  5 endoplasms (D:2)
  2 giant cockroaches
  4 goblins
  4 hobgoblins (D:2)
  4 jackals (D:1)
  3 bats
  4 frilled lizards
  2 kobolds
  5 rats
41 creatures vanquished.

Notes
Turn   | Place    | Note
-------+----------+-------------------------------------------
     0 | D:1      | Adrian566 the Demonspawn Gladiator began the quest for the
                  | Orb.
     0 | D:1      | Reached XP level 1. HP: 16/16 MP: 1/1
   100 | D:1      | Gained mutation: You have a small tail. [demonic ancestry]
   100 | D:1      | Reached XP level 2. HP: 22/22 MP: 2/2
   676 | D:2      | Reached XP level 3. HP: 23/27 MP: 3/3
   755 | D:2      | Found a shimmering blue altar of Sif Muna.
   961 | D:2      | Slain by a goblin

Illustrated notes

Levels and vault maps discovered:
D:1:      dpeg_arrival_simpleton_b, layout_rooms
D:2:      layout_basic, basic_altar, corexii_hall_statues_t, minmay_octomino_c4

Skill      XL: |  1  2 |
---------------+-------+-----
Dodging        | 3 |  3.1
Long Blades    | 3 |  3.3
Fighting       | |  2.2
Throwing       | |  1.8
Armour         | |  0.8
Shields        | |  0.4

Action                     || total
---------------------------++-------
  Melee: Long sword        ||    95
         Tailslap          ||     8
 Armour: Leather armour    ||    33
  Dodge: Dodged            ||    66
  Block: Buckler           ||    15

Table legend: (Time is in decaauts)
 A = Elapsed time spent in this place.
 B = Non-inter-level travel time spent in this place.
 C = Inter-level travel time spent in this place.
 D = Time resting spent in this place.
 E = Time spent auto-exploring this place.
 F = Levels seen in this place.
 G = Mean time per level.
                   A        B        C        D        E       F      G
               +--------+--------+--------+--------+--------+-----+--------+
         Total |    988 |    981 |      7 |      0 |    752 |   2 |  494.0 |
       Dungeon |    988 |    981 |      7 |      0 |    752 |   2 |  494.0 |
               +--------+--------+--------+--------+--------+-----+--------+

Top non-repeatable levels by time:
     D:1: 533 daAuts
     D:2: 454 daAuts
